 Dungeon Crawl Stone Soup version 0.27.1-15-g792fb953b9 (webtiles) character file.

Game seed: 600393460941784254

58 jjjjhere the Ruffian (level 3, -3/31 HPs)
             Began as a Troll Hedge Wizard on Nov 20, 2021.
             Was a Follower of Elyvilon.
             Slain by a black bear (12 damage)
             ... on level 2 of the Dungeon.
             The game lasted 00:02:33 (908 turns).

jjjjhere the Ruffian (Troll Hedge Wizard)            Turns: 908, Time: 00:02:33

Health: -3/31      AC:  4    Str: 18    XL:     3   Next: 76%
Magic:  1/5        EV:  9    Int: 10    God:    Elyvilon [*.....]
Gold:   28         SH:  0    Dex: 10    Spells: 5/6 levels left

rFire    . . .     SeeInvis .     - Unarmed
rCold    . . .     Faith    .   (no shield)
rNeg     . . .     Spirit   .   b - +0 robe
rPois    .         Reflect  .   c - +0 hat
rElec    .         Harm     .   (no cloak)
rCorr    .         Rampage  .   (gloves unavailable)
Will     .....                  (boots unavailable)
Stlth    +.........             (no amulet)
HPRegen  1.10/turn              (no ring)
MPRegen  0.09/turn              (no ring)

@: no status effects
A: large, unfitting armour, claws 3, regeneration 1, shaggy fur 1, tough skin 1
a: Renounce Religion, Lesser Healing, Divine Protection


You were on level 2 of the Dungeon.
You worshipped Elyvilon.
Elyvilon was aware of your devotion.
You visited 1 branch of the dungeon, and saw 2 of its levels.

You collected 28 gold pieces.

Inventory:

Hand Weapons
 a - a +0 dagger
Armour
 b - a +0 robe (worn)
 c - a +0 hat (worn)
Scrolls
 d - 2 scrolls of identify {unknown}
Potions
 e - a potion of flight {unknown}
 f - a potion of cancellation {unknown}
 g - a potion of heal wounds {unknown}


   Skills:
 - Level 1.5 Dodging
 - Level 1.0 Stealth
 + Level 3.5 Unarmed Combat
 - Level 2.0 Spellcasting
 - Level 0.6 Conjurations
 - Level 0.6 Summonings
 - Level 0.6 Translocations


You had 5 spell levels left.
You knew the following spells:

 Your Spells              Type           Power      Damage    Failure   Level
a - Magic Dart            Conj           8%         1d3       24%         1

Your spell library contained the following spells:

 Spells                   Type           Power      Damage    Failure   Level
 Blink                    Tloc           N/A        N/A       36%         2
 Call Imp                 Summ           2%         N/A       36%         2
 Slow                     Hex            1%         N/A       43%         2
 Conjure Flame            Conj/Fire      1%         6-21      63%         3
 Mephitic Cloud           Conj/Pois/Air  1%         N/A       65%         3


Dungeon Overview and Level Annotations

Branches:
Dungeon (2/15)

Altars:
Elyvilon


Innate Abilities, Weirdness & Mutations

You are too large for most types of armour.
You have claws for hands.
Your natural rate of healing is unusually fast.
You are covered in fur. (AC +1)
You have tough skin. (AC +1)


Message History

The magic dart hits the black bear.
The black bear is lightly wounded.
Aiming: Magic Dart (safe; 24% risk of failure)
Press: ? - help, Q - select action, (/) - cycle Shift-Dir - straight line, f/p - black bear
Aim: a black bear (lightly wounded, 100% to hit)
The magic dart hits the black bear but does no damage.
The black bear is lightly wounded.
Aiming: Magic Dart (safe; 24% risk of failure)
Press: ? - help, Q - select action, (/) - cycle Shift-Dir - straight line, f/p - black bear
Aim: a black bear (lightly wounded, 100% to hit)
The magic dart hits the black bear.
The black bear is lightly wounded.
Aiming: Magic Dart (safe; 24% risk of failure)
Press: ? - help, Q - select action, (/) - cycle Shift-Dir - straight line, f/p - black bear
Aim: a black bear (lightly wounded, 100% to hit)
The magic dart hits the black bear.
The black bear is moderately wounded.
The black bear bites you but does no damage.
The black bear closely misses you.
The black bear claws you but does no damage.
You barely miss the black bear.
The black bear is moderately wounded.
The black bear completely misses you. The black bear claws you.
The black bear claws you but does no damage.
You scratch the black bear.
The black bear is moderately wounded.
The black bear completely misses you. The black bear claws you. x2
You scratch the black bear. You claw the black bear!
The black bear is severely wounded.
The black bear goes berserk!
You claw the black bear!
The black bear is almost dead.
The black bear bites you! The black bear closely misses you.
The black bear claws you. The black bear bites you. The black bear claws you.
* * * LOW HITPOINT WARNING * * *
The black bear claws you but does no damage.
You scratch the black bear but do no damage.
The black bear is almost dead.
The black bear bites you!
You die...

..... ### ..... ....
#.#.## . ..###....####.
...#.#..#....
#........##. .
###.#........
...########.......###
#......†h@..###....##..
####..†#.#####.........#
#..#..####....#......
.............##.#
##...##
(........##...###.#
......
##.#########....#.. #.
#(# #. #..##....# #. #.#
. ##.#####...##. #.#
######..#... .#....##.#


You could see a black bear (berserk).

Vanquished Creatures
  An adder (D:2)
  A dart slug (D:1)
  3 endoplasms
  A giant cockroach (D:1)
  3 hobgoblins
  13 jackals (D:1)
  4 kobolds (D:1)
  4 quokkas
  A ball python (D:1)
  5 bats (D:1)
  2 frilled lizards
  4 rats
42 creatures vanquished.

Notes
Turn   | Place    | Note
-------+----------+-------------------------------------------
     0 | D:1      | jjjjhere the Troll Hedge Wizard began the quest for the
                  | Orb.
     0 | D:1      | Reached XP level 1. HP: 16/16 MP: 2/2
    29 | D:1      | HP: 5/16 [quokka (3)]
    83 | D:1      | Reached skill level 1 in Unarmed Combat
    96 | D:1      | HP: 1/16 [kobold (5)]
   147 | D:1      | Reached XP level 2. HP: 24/24 MP: 4/4
   281 | D:1      | Reached skill level 2 in Unarmed Combat
   445 | D:1      | Found a faded altar of an unknown god.
   499 | D:1      | Became a worshipper of Elyvilon the Healer
   499 | D:1      | Reached * piety under Elyvilon
   529 | D:1      | Reached XP level 3. HP: 27/31 MP: 5/5
   630 | D:1      | Reached skill level 3 in Unarmed Combat
   894 | D:2      | Noticed a black bear
   907 | D:2      | HP: 8/31 [black bear (3)]
   908 | D:2      | Slain by a black bear

Illustrated notes

Levels and vault maps discovered:
D:1:      wander_arrival_estate, layout_rooms,
          hellmonk_ecumenical_altar_dog_temple, serial_glass, glass_columns_a,
          glass_columns_c, item_on_display_a, due_unseen_surprise,
          feat_on_display, feat_on_display, minmay_tiny_reverse_x
D:2:      layout_rooms, corexii_hall_statues_l

Skill      XL: |  1  2  3 |
---------------+----------+-----
Unarmed Combat | 1 2 3 |  3.5
Dodging        | |  1.5
Stealth        | |  1.0
Spellcasting   | |  2.0
Conjurations   | |  0.6
Summonings     | |  0.6
Translocations | |  0.6

Action                   || total
-------------------------++-------
Melee: Unarmed           ||   127
       Dagger            ||    13
       Punch             ||     1
 Cast: Magic Dart        ||     4
 Stab: Sleeping          ||     2
Armor: Robe              ||    74
Dodge: Dodged            ||    84
